 Dungeon Crawl Stone Soup version 0.21.1-1-g345015fe64 (webtiles) character file.

1080 Peloso the Shield-Bearer (level 8, -1/68 HPs)
             Began as a Minotaur Fighter on July 4, 2018.
             Was a Follower of Okawaru.
             Slain by a gnoll
             ... wielding a +0 flail
              (6 damage)
             ... on level 5 of the Dungeon.
             The game lasted 00:08:30 (4501 turns).

Peloso the Shield-Bearer (Minotaur Fighter)         Turns: 4501, Time: 00:08:30

Health: -1/68      AC: 11    Str: 22    XL:     8   Next: 8%
Magic:  7/7        EV:  4    Int:  5    God:    Okawaru [*.....]
Gold:   226        SH: 12    Dex: 11    Spells: 7/7 levels left

rFire    . . .     SeeInvis .   a - +1 long sword
rCold    + . .     Gourm    .   c - +1 shield
rNeg     . . .     Faith    .   b - +0 chain mail
rPois    .         Spirit   .   (helmet restricted)
rElec    .         Reflect  .   (no cloak)
rCorr    .         Harm     .   h - +0 pair of gloves {archery}
MR       .....                  (no boots)
Stlth    ..........             (no amulet)
HPRegen  0.21/turn              p - ring of protection from cold
MPRegen  0.10/turn              D - -3 ring of evasion (curse)

@: no status effects
A: retaliatory headbutt, horns 2
a: Heroism, Renounce Religion


You were on level 5 of the Dungeon.
You worshipped Okawaru.
Okawaru was aware of your devotion.
You were not hungry.

You visited 2 branches of the dungeon, and saw 7 of its levels.

You collected 246 gold pieces.
You spent 20 gold pieces at shops.

Inventory:

Hand Weapons
 a - a +1 long sword (weapon)
Missiles
 m - 100 bolts
Armour
 b - a +0 chain mail (worn)
 c - a +1 shield (worn)
 h - a +0 pair of gloves of archery (worn)
Jewellery
 p - a ring of protection from cold (left hand)
 D - a cursed -3 ring of evasion (right hand)
Wands
 w - a wand of paralysis (13)
Scrolls
 e - 2 scrolls of enchant armour
 g - 2 scrolls of identify {unknown}
 n - a scroll of remove curse
 q - a scroll of enchant weapon
 s - a scroll of magic mapping
 v - a scroll of immolation {unknown}
 x - 3 scrolls of teleportation {unknown}
 y - 4 scrolls of amnesia
Potions
 d - a potion of might
 i - a potion of haste {unknown}
 j - 2 potions of degeneration {unknown}
 k - 2 potions of curing {unknown}
 l - a potion of heal wounds {unknown}
 o - a potion of invisibility {unknown}
 r - 3 potions of agility {unknown}
 u - 2 potions of ambrosia {unknown}
 z - a potion of magic {unknown}
 A - 2 potions of flight {unknown}
 B - a potion of brilliance {unknown}
 C - a potion of mutation {unknown}
Books
 t - a book of Conjurations

   Spells                             Type                      Level
   a - Magic Dart                     Conjuration                  1
   b - Searing Ray                    Conjuration                  2
   c - Dazzling Spray                 Conjuration/Hexes            3
   d - Fulminant Prism                Conjuration/Hexes            4
   e - Force Lance                    Conjuration/Translocation    4
   f - Iskenderun's Mystic Blast      Conjuration                  4
 E - a book of Maledictions

   Spells                             Type                      Level
   a - Corona                         Hexes                        1
   b - Ensorcelled Hibernation        Hexes/Ice                    2
   c - Confuse                        Hexes                        3
   d - Tukima's Dance                 Hexes                        3
   e - Dazzling Spray                 Conjuration/Hexes            3
Comestibles
 f - 10 rations
 F - 4 chunks of flesh


   Skills:
 + Level 5.3 Fighting
 + Level 6.4 Long Blades
 + Level 6.5 Armour
 + Level 1.3 Dodging
 + Level 0.2 Stealth
 + Level 7.5 Shields


You had 7 spell levels left.
You didn't know any spells.

Dungeon Overview and Level Annotations

Branches:
Dungeon (6/15)             Temple (1/1) D:4

Altars:
Cheibriados
Elyvilon
Kikubaaqudgha
Makhleb
Nemelex Xobeh
Okawaru
Qazlal
Ru
Sif Muna
Trog
Wu Jian
Yredelemnul
Zin
The Shining One
Lugonu

Shops:
D:4 =

Annotations:
D:5 test1's ghost, novice TrHu


Innate Abilities, Weirdness & Mutations

You reflexively headbutt those who attack you in melee.
You have a pair of horns on your head.


Message History

You block the gnoll's attack.
You climb upwards.
Level annotation: test1's ghost, novice TrHu
There is a stone staircase leading down here.
Okay, then.
You hit the gnoll.
The gnoll is moderately wounded.
The gnoll hits you but does no damage. x2
You slash the gnoll!
You kill the gnoll!
Okawaru accepts your kill. You block the gnoll's attack.
You hit the gnoll.
The gnoll is heavily wounded.
The gnoll hits you with a flail.
* * * LOW HITPOINT WARNING * * *
You barely miss the gnoll.
The gnoll is heavily wounded.
The gnoll hits you with a flail.
You die...

##.#######
##.......#
#..##...##
#..##...#
##.####..##
#..#####..#
#..##...###
##.##.....#
#..##...)@#
#.##....g.#
##.##......#
#..##......#
##.###......#
###..# #.....##
##....###.#####
##...#..####
##..###..#


You could see a gnoll.

Vanquished Creatures
  Duvessa (D:6)
  An ice beast (D:6)
  A sky beast (D:5)
  An ogre (D:6)
  Blork the orc (D:5)
  3 bullfrogs
  Dowan (D:6)
  An orc priest (D:4)
  A bullfrog zombie (D:5)
  2 jellies
  A centaur skeleton (D:4)
  2 orc wizards (D:4)
  A worker ant (D:6)
  Robin (D:4)
  2 gnolls
  5 adders
  An adder skeleton (D:6)
  An adder zombie (D:5)
  A dart slug (D:4)
  4 leopard geckos
  11 orcs
  2 ball pythons
  3 giant cockroaches
  10 hobgoblins
  7 jackals
  A quokka (D:3)
  5 bats
  5 frilled lizards
  13 goblins
  7 kobolds
  A quokka zombie (D:5)
  6 rats
103 creatures vanquished.

Notes
Turn   | Place    | Note
-------+----------+-------------------------------------------
     0 | D:1      | Peloso the Minotaur Fighter began the quest for the Orb.
     0 | D:1      | Reached XP level 1. HP: 19/19 MP: 0/0
     2 | D:1      | Noticed an elf
     2 | D:1      | Noticed a centaur
     4 | D:1      | Noticed a spriggan
     4 | D:1      | Noticed a vine stalker
     6 | D:1      | Noticed a draconian
     6 | D:1      | Noticed a merfolk
     8 | D:1      | Noticed a minotaur
     8 | D:1      | Noticed a dwarf
    11 | D:1      | Noticed a human
    13 | D:1      | Noticed an ogre
    13 | D:1      | Noticed a naga
    15 | D:1      | Noticed a halfling
    17 | D:1      | Noticed a gargoyle
    17 | D:1      | Noticed a demonspawn
    19 | D:1      | Noticed a demigod
    19 | D:1      | Noticed a ghoul
    21 | D:1      | Noticed a troll
    21 | D:1      | Noticed a formicid
    24 | D:1      | Noticed a felid
    26 | D:1      | Noticed an octopode
    28 | D:1      | Noticed a vampire
    28 | D:1      | Noticed a tengu
   134 | D:1      | Reached skill level 4 in Shields
   199 | D:1      | Reached XP level 2. HP: 27/27 MP: 1/1
   807 | D:1      | Reached XP level 3. HP: 33/33 MP: 2/2
  1200 | D:2      | Found a white marble altar of Elyvilon.
  1378 | D:2      | Found a basalt altar of Yredelemnul.
  1571 | D:3      | Reached XP level 4. HP: 40/40 MP: 3/3
  1790 | D:3      | Found a glowing golden altar of the Shining One.
  1815 | D:3      | Reached skill level 5 in Shields
  2163 | D:4      | Noticed a bullfrog
  2168 | D:4      | Killed a bullfrog
  2168 | D:4      | Reached XP level 5. HP: 47/47 MP: 4/4
  2308 | D:4      | Reached skill level 5 in Armour
  2329 | D:4      | Reached XP level 6. HP: 31/53 MP: 5/5
  2732 | D:4      | Noticed Robin
  2759 | D:4      | Killed Robin
  2867 | D:4      | Found a sparkling altar of Nemelex Xobeh.
  2955 | D:4      | Found an ornate altar of the Wu Jian Council.
  3090 | D:4      | Found Wodoitu's Jewellery Shoppe.
  3093 | D:4      | Bought a cursed amulet of inaccuracy for 20 gold pieces
  3174 | D:4      | Found a staircase to the Ecumenical Temple.
  3180 | Temple   | Entered the Ecumenical Temple
  3209 | Temple   | Became a worshipper of Warmaster Okawaru
  3269 | D:5      | Entered Level 5 of the Dungeon
  3487 | D:5      | Noticed Blork the orc
  3488 | D:5      | Found an iron altar of Okawaru.
  3499 | D:5      | Killed Blork the orc
  3499 | D:5      | Reached skill level 1 in Dodging
  3525 | D:5      | Noticed a sky beast
  3549 | D:5      | Killed a sky beast
  3549 | D:5      | Reached skill level 5 in Fighting
  3549 | D:5      | Reached skill level 6 in Shields
  3596 | D:5      | Reached XP level 7. HP: 40/61 MP: 6/6
  3779 | D:5      | Reached skill level 5 in Long Blades
  4053 | D:5      | Noticed test1's ghost (novice TrHu)
  4202 | D:6      | Noticed Duvessa
  4203 | D:6      | Noticed Dowan
  4206 | D:6      | Killed Duvessa
  4220 | D:6      | Killed Dowan
  4220 | D:6      | Reached * piety under Okawaru
  4318 | D:6      | Reached skill level 7 in Shields
  4467 | D:6      | Reached XP level 8. HP: 52/68 MP: 7/7
  4501 | D:5      | Slain by a gnoll

Skill      XL: |  1  2  3  4  5  6  7 |
---------------+----------------------+-----
Shields        | 4 5 6 7 |  7.5
Fighting       | 4 5 |  5.3
Armour         | 4 5 6 |  6.5
Long Blades    | 3 4 6 |  6.4
Dodging        | 1 |  1.3
Stealth        | |  0.2

Action                   |  1- 3 |  4- 6 |  7- 9 || total
-------------------------+-------+-------+-------++-------
Melee: Long sword        |   102 |   136 |    69 ||   307
       Headbutt          |    14 |    41 |    16 ||    71
  Use: Scroll            |       |     5 |       ||     5
  Eat: Chunk             |     2 |     7 |       ||     9
       Ration            |       |       |     1 ||     1
Armor: Scale mail        |    41 |       |       ||    41
       Chain mail        |    13 |    83 |    26 ||   122
Dodge: Dodged            |    27 |    23 |     4 ||    54
Block: Shield            |    64 |    80 |    36 ||   180
       Rpst.: Long sword |     4 |     5 |       ||     9
